 Dungeon Crawl Stone Soup version 0.23.1 (webtiles) character file.

Game seed: 596207705120116123

721 misha the Spear-Bearer (level 7, -1/56 HPs)
             Began as a Merfolk Berserker on Mar 1, 2019.
             Was an Elder of Trog.
             Slain by a sky beast (6 damage)
             ... on level 5 of the Dungeon.
             The game lasted 00:16:08 (6037 turns).

misha the Spear-Bearer (Merfolk Berserker)          Turns: 6037, Time: 00:16:09

Health: -1/56      AC:  4    Str: 18    XL:     7   Next: 70%
Magic:  7/7        EV: 13    Int:  7    God:    Trog [****..]
Gold:   161        SH:  4    Dex: 14    Spells: 6/6 levels left

rFire    . . .     SeeInvis .   x - +0 trident
rCold    . . .     Gourm    +   p - +0 buckler
rNeg     . . .     Faith    .   q - +0 leather armour
rPois    .         Spirit   .   w - +0 helmet
rElec    .         Reflect  .   (no cloak)
rCorr    .         Harm     .   (no gloves)
MR       .....                  (no boots)
Stlth    +.........             e - amulet of the gourmand
HPRegen  0.18/turn              (no ring)
MPRegen  0.10/turn              (no ring)

@: lightly drained
A: change form in water, swift swim, stealthy swim
a: Berserk, Trog's Hand, Brothers in Arms, Renounce Religion


You were on level 5 of the Dungeon.
You worshipped Trog.
Trog was greatly pleased with you.
You were not hungry.

You visited 1 branch of the dungeon, and saw 5 of its levels.

You collected 161 gold pieces.

Inventory:

Hand Weapons
 a - a +0 spear
 x - a +0 trident (weapon)
Missiles
 i - 155 stones (quivered)
 v - 46 sling bullets
Armour
 p - a +0 buckler (worn)
 q - a +0 leather armour (worn)
 w - a +0 helmet (worn)
Magical Staves
 A - an uncursed staff of power
Jewellery
 e - an amulet of the gourmand (around neck)
Wands
 m - a wand of enslavement (7)
 y - a wand of polymorph (6)
Scrolls
 d - a scroll of blinking {unknown}
 h - a scroll of remove curse
 j - a scroll of magic mapping
 k - a scroll of immolation {unknown}
 n - 2 scrolls of amnesia
 o - 6 scrolls of identify
 u - a scroll of enchant armour {unknown}
Potions
 b - 2 potions of agility
 f - 2 potions of lignification {unknown}
 g - a potion of resistance {unknown}
 l - a potion of heal wounds
 r - a potion of brilliance {unknown}
 s - a potion of ambrosia {unknown}
 t - a potion of magic {unknown}
 z - a potion of degeneration {unknown}
 B - a potion of curing {unknown}
Comestibles
 c - 11 rations


   Skills:
 + Level 5.3(5.0) Fighting
 * Level 9.3(9.0) Polearms
 - Level 1.6(1.2) Armour
 - Level 3.7(3.4) Dodging
 - Level 1.0(0.7) Stealth
 + Level 3.0(2.7) Shields
 - Level 0.4(0.1) Evocations


You had 6 spell levels left.
You didn't know any spells.
Your spell library was empty.

Dungeon Overview and Level Annotations

Branches:
Dungeon (5/15)
 Temple: D:4-7

Altars:
Cheibriados
Elyvilon
Qazlal
Wu Jian

Annotations:
D:4 2 transporters, HEYYEYAAE's ghost, amateur OpHu


Message History

No target in view!
No target in view!
No target in view!
No target in view!
No target in view!
No target in view!
No target in view!
You closely miss something. Something hits you. Something shocks you.
You hit something but do no damage. Something hits you. Something shocks you.
You hit something. You closely miss something. Something hits you.
Something shocks you.
You closely miss something. Something hits you. Something shocks you.
You miss something. Something hits you.
* * * LOW HITPOINT WARNING * * *
Something shocks you.
* * * LOW HITPOINT WARNING * * *
You puncture something! Something hits you.
* * * LOW HITPOINT WARNING * * *
Something shocks you.
You die...

..##### .......
....... .......
....... .......
.......#######
./......≈{@..#######
.......#####.....†.#
####### ###...###.#
#≈≈..÷≈≈#.#
##r..♣..≈#.#
##..........#
#...♣._.♣...#
............##
#.###≈..♣..≈##


There were no monsters in sight!

Vanquished Creatures
  An ogre (D:4)
  A scorpion (D:5)
  A crimson imp (D:5)
  A hound (D:5)
  An orc wizard (D:5)
  A centaur skeleton (D:4)
  Natasha (thrice) (D:3)
  An iguana (D:4)
  3 worker ants
  A hound skeleton (D:4)
  Robin (D:3)
  12 adders
  A gnoll (D:4)
  An ooze (D:4)
  2 dart slugs
  8 worms
  3 leopard geckos
  11 orcs
  A ball python (D:3)
  9 bats
  3 giant cockroaches
  10 hobgoblins
  10 jackals
  10 kobolds
  3 quokkas
  8 frilled lizards
  16 goblins
  A jackal skeleton (D:4)
  A quokka zombie (D:5)
  8 rats
133 creatures vanquished.

Vanquished Creatures (others)
  A giant cockroach (D:5)
  2 jackals (D:5)
  6 plants (D:4)
9 creatures vanquished.

Grand Total: 142 creatures vanquished

Notes
Turn   | Place    | Note
-------+----------+-------------------------------------------
     0 | D:1      | misha the Merfolk Berserker began the quest for the Orb.
     0 | D:1      | Reached XP level 1. HP: 18/18 MP: 1/1
   131 | D:1      | Reached XP level 2. HP: 24/24 MP: 2/2
   610 | D:1      | Reached skill level 5 in Polearms
   707 | D:1      | Reached XP level 3. HP: 25/29 MP: 3/3
   904 | D:2      | Reached ** piety under Trog
   958 | D:2      | Reached XP level 4. HP: 18/37 MP: 4/4
  1390 | D:2      | Reached skill level 6 in Polearms
  1937 | D:2      | Found a faded altar of an unknown god.
  1958 | D:2      | Found a snail-covered altar of Cheibriados.
  2778 | D:3      | Reached XP level 5. HP: 36/42 MP: 5/5
  2785 | D:3      | Noticed Natasha
  2793 | D:3      | Killed Natasha
  2793 | D:3      | Reached skill level 1 in Stealth
  3229 | D:3      | Reached skill level 7 in Polearms
  3229 | D:3      | Reached skill level 1 in Shields
  3278 | D:3      | Reached *** piety under Trog
  3846 | D:3      | Reached XP level 6. HP: 41/49 MP: 6/6
  3881 | D:3      | Noticed Robin
  3889 | D:3      | Killed Robin
  3890 | D:3      | Noticed Natasha
  3943 | D:3      | Killed Natasha
  4174 | D:3      | Found an ornate altar of the Wu Jian Council.
  4645 | D:3      | Noticed Natasha
  4652 | D:3      | Killed Natasha
  4714 | D:4      | Found a transporter.
  4720 | D:4      | Found a transporter.
  4772 | D:4      | Reached skill level 8 in Polearms
  4872 | D:4      | Reached **** piety under Trog
  5084 | D:4      | Noticed HEYYEYAAE's ghost (amateur OpHu)
  5084 | D:4      | Identified the +6 spear of Plog {elec, Str+3 SInv}
  5126 | D:4      | Reached XP level 7. HP: 55/55 MP: 7/7
  5137 | D:4      | Reached skill level 5 in Fighting
  5593 | D:5      | Entered Level 5 of the Dungeon
  5640 | D:5      | Found a stormy altar of Qazlal.
  5688 | D:5      | Reached skill level 9 in Polearms
  5998 | D:5      | Found a white marble altar of Elyvilon.
  6037 | D:5      | Slain by a sky beast

Skill      XL: |  1  2  3  4  5  6  7 |
---------------+----------------------+-----
Dodging        | 3 |  3.7
Polearms       | 5 6 7 8 9 |  9.3
Fighting       | 4 5 |  5.3
Stealth        | 1 |  1.0
Shields        | 1 2 3 |  3.0
Armour         | |  1.6
Evocations     | |  0.4

Action                   |  1- 3 |  4- 6 |  7- 9 || total
-------------------------+-------+-------+-------++-------
Melee: Spear             |   126 |   303 |       ||   429
       Trident           |       |    59 |   113 ||   172
Invok: Berserk           |     1 |     6 |     1 ||     8
  Use: Potion            |       |     2 |       ||     2
       Scroll            |       |       |     4 ||     4
 Stab: Sleeping          |     4 |     7 |     1 ||    12
       Distracted        |       |     1 |       ||     1
  Eat: Chunk             |       |    10 |     5 ||    15
       Ration            |       |     3 |       ||     3
Armor: Animal skin       |    17 |    20 |       ||    37
       Leather armour    |       |    29 |    16 ||    45
Dodge: Dodged            |    67 |   150 |    62 ||   279
Block: Buckler           |       |    23 |    14 ||    37
